 Dungeon Crawl Stone Soup version 0.23-a0-607-g760965b (console) character file.

1278 Duffy the Cleaver (level 8, -1/67 HPs)
             Began as a Naga Gladiator on Dec 20, 2018.
             Shot with a sling bullet by Joseph (13 damage)
             ... on level 7 of the Dungeon.
             The game lasted 00:03:53 (3179 turns).

Duffy the Cleaver (Naga Gladiator)                  Turns: 3179, Time: 00:03:54

Health: -1/67      AC: 11    Str: 18    XL:     8   Next: 54%
Magic:  8/8        EV:  4    Int: 10    God:
Gold:   155        SH:  0    Dex: 12    Spells: 7/7 levels left

rFire    . . .     SeeInvis +   a - +0 war axe
rCold    . . .     Gourm    .   (no shield)
rNeg     + . .     Faith    .   r - +0 plate armour
rPois    +         Spirit   .   c - +0 helmet
rElec    .         Reflect  .   (no cloak)
rCorr    .         Harm     .   g - +0 pair of gloves
MR       +....                  (no barding)
Stlth    ..........             (no amulet)
HPRegen  0.21/turn              j - ring of positive energy
MPRegen  0.11/turn              (no ring)

@: short of breath, very slow
A: large, see invisible, deformed body, poison resistance, slowness 2, slow
metabolism 1, spit poison 1, AC +2
a: Spit Poison


You were on level 7 of the Dungeon.
You were not hungry.

You visited 1 branch of the dungeon, and saw 7 of its levels.

You collected 155 gold pieces.

Inventory:

Hand Weapons
 a - a +0 war axe (weapon)
 i - a +0 dagger of venom
Missiles
 d - 3 throwing nets (quivered)
Armour
 c - a +0 helmet (worn)
 g - a +0 pair of gloves (worn)
 r - a +0 plate armour (worn)
Jewellery
 j - a ring of positive energy (left hand)
Wands
 v - a wand of random effects (13)
Scrolls
 b - 2 scrolls of remove curse {unknown}
 f - a scroll of immolation {unknown}
 h - 3 scrolls of teleportation {unknown}
 l - 3 scrolls of identify {unknown}
 n - 4 scrolls of magic mapping {unknown}
 p - a scroll of amnesia {unknown}
 s - a scroll of silence {unknown}
Potions
 e - 2 potions of brilliance {unknown}
 k - a potion of heal wounds {unknown}
 m - 2 potions of agility {unknown}
 o - a potion of haste
 q - a potion of flight {unknown}
 w - a potion of lignification {unknown}
Comestibles
 t - a ration
 u - 4 chunks of flesh


   Skills:
 - Level 2.0 Fighting
 + Level 9.5 Axes
 - Level 1.7 Throwing
 + Level 3.5 Armour
 - Level 2.4 Dodging


You had 7 spell levels left.
You didn't know any spells.
Your spell library was empty.

Dungeon Overview and Level Annotations

Branches:
Dungeon (7/15)
 Temple: D:4-7

Altars:

Annotations:
D:5 1 runed door, melvinkitnick's ghost, novice GnWn
D:7 Joseph


Innate Abilities, Weirdness & Mutations

You cannot wear boots.
Your serpentine skin is tough. (AC +2)
You have supernaturally acute eyesight. (SInv)
Armour fits poorly on your strangely shaped body.
Your system is resistant to poisons. (rPois)
You cover ground very slowly.
You have a slow metabolism.
You can spit poison.


Message History

You are too injured to fight recklessly!
You are too injured to fight recklessly!
You are too injured to fight recklessly!
You are too injured to fight recklessly!
You hit Joseph but do no damage.
Joseph is lightly wounded.
Joseph hits you with a +8 quarterstaff of protection!!
You barely miss Joseph.
Joseph is lightly wounded.
Joseph closely misses you.
Press: ? - help, Shift-Dir - straight line, f - Joseph
Aim: Joseph, wielding a +8 quarterstaff of protection, wearing a +0 leather The splash of poison hits Joseph.
Joseph appears unharmed.
Joseph is lightly wounded.
You feel slightly more hungry.
Joseph hits you with a +8 quarterstaff of protection.
Joseph unwields a +8 quarterstaff of protection.
Joseph wields a +1 hunting sling of flaming.
It bursts into flame!
Joseph shoots a sling bullet.
The sling bullet hits you!
You die...

###+ .....
.....#####
..>.....# # .
#+#....#.#.... .
#...?@.@c.....
#.#+#..#####.#.###
#..........# #
#......###
.......%.<#
####+#....# #....#
#....# ##+###


You could see Joseph and a centaur.

Vanquished Creatures
  A water moccasin (D:6)
  Duvessa (D:6)
  2 phantoms
  An ice beast (D:5)
  2 ogres (D:6)
  A centaur (D:5)
  2 bullfrogs
  Dowan (D:6)
  A hound (D:5)
  An orc wizard (D:6)
  A centaur zombie (D:6)
  An iguana (D:5)
  5 worker ants
  A hound zombie (D:5)
  7 adders
  An adder zombie (D:6)
  4 worms
  A dart slug (D:4)
  6 orcs
  A giant cockroach (D:1)
  2 goblins (D:1)
  2 hobgoblins (D:3)
  4 jackals (D:1)
  3 quokkas
  2 ball pythons
  4 bats
  3 frilled lizards
  2 kobolds
  A leopard gecko skeleton (D:5)
  2 rats
66 creatures vanquished.

Notes
Turn   | Place    | Note
-------+----------+-------------------------------------------
     0 | D:1      | Duffy the Naga Gladiator began the quest for the Orb.
     0 | D:1      | Reached XP level 1. HP: 19/19 MP: 1/1
   148 | D:1      | Reached XP level 2. HP: 26/26 MP: 2/2
   293 | D:2      | Reached skill level 4 in Axes
   422 | D:3      | Reached XP level 3. HP: 18/32 MP: 3/3
   691 | D:3      | Reached XP level 4. HP: 23/39 MP: 4/4
   936 | D:3      | Reached skill level 5 in Axes
   944 | D:4      | Noticed a phantom
  1013 | D:4      | Killed a phantom
  1013 | D:4      | Reached skill level 6 in Axes
  1013 | D:4      | Reached XP level 5. HP: 5/45 MP: 5/5
  1305 | D:5      | Entered Level 5 of the Dungeon
  1429 | D:5      | Reached XP level 6. HP: 50/52 MP: 6/6
  1518 | D:5      | Found a runed door.
  1518 | D:5      | Noticed melvinkitnick's ghost (novice GnWn)
  1534 | D:5      | Noticed an ice beast
  1542 | D:5      | Killed an ice beast
  1542 | D:5      | Reached skill level 7 in Axes
  1628 | D:5      | Noticed a phantom
  1649 | D:5      | Killed a phantom
  1649 | D:5      | Reached XP level 7. HP: 27/60 MP: 7/7
  1914 | D:5      | Reached skill level 8 in Axes
  2145 | D:6      | Reached skill level 1 in Armour
  2343 | D:6      | Reached XP level 8. HP: 60/67 MP: 8/8
  2540 | D:6      | Reached skill level 9 in Axes
  3048 | D:6      | Noticed Duvessa
  3048 | D:6      | Noticed Dowan
  3058 | D:6      | Killed Duvessa
  3062 | D:6      | Killed Dowan
  3168 | D:7      | Noticed Joseph
  3179 | D:7      | Shot with a sling bullet by Joseph

Vault maps used:
D:1:      psy_arrival_terrarium, minmay_tetromino_l2
D:2:      chequers_temple_overflow_statue_of_worship,
          chequers_ecumenical_altar_simple
D:3:      grunt_ministairs_12
D:4:      cheibrodos_old_hovel, mrwooster_statue_mirror, hangedman_decor_lopped,
          uniq_natasha
D:5:      minmay_temple_entry_glassed_door, first_ration,
          hellmonk_ghost_happy_afterlife, corexii_corridor_pit
D:6:      nicolae_overflow_crystal_walls, basic_altar, uniq_duvessa
D:7:      the_bakery, uniq_pikel, uniq_joseph, uniq_crazy_yiuf_cottage

Skill      XL: |  1  2  3  4  5  6  7  8 |
---------------+-------------------------+-----
Axes           | 4 6 7 8 9 |  9.5
Armour         | 2 3 |  3.5
Fighting       | |  2.0
Throwing       | |  1.7
Dodging        | |  2.4

Action                   |  1- 3 |  4- 6 |  7- 9 || total
-------------------------+-------+-------+-------++-------
Melee: War axe           |    69 |    79 |   115 ||   263
 Abil: Spit Poison       |    12 |     8 |     8 ||    28
  Eat: Chunk             |       |     1 |     2 ||     3
       Ration            |       |       |     1 ||     1
Armor: Leather armour    |    12 |       |       ||    12
       Chain mail        |    43 |    36 |    21 ||   100
       Plate armour      |       |       |    74 ||    74
Dodge: Dodged            |    30 |    20 |    26 ||    76

Table legend:
 A = Non-vault XP
 B = Vault XP
 C = Vault XP percentage of total XP
 D = Non-vault monster count
 E = Vault monster count
 F = Vault count percentage of total count
                 A         B        C        D         E       F
            +---------+---------+-------+---------+---------+-------
      Total |    1583 |     243 |  13.3 |      61 |       5 |   7.6
            +---------+---------+-------+---------+---------+-------
        D:1 |      24 |       0 |   0.0 |      13 |       0 |   0.0
        D:2 |       7 |       0 |   0.0 |       3 |       0 |   0.0
        D:3 |      57 |      15 |  20.8 |      12 |       2 |  14.3
        D:4 |     183 |       5 |   2.7 |       5 |       1 |  16.7
        D:5 |     611 |       0 |   0.0 |      14 |       0 |   0.0
        D:6 |     611 |     223 |  26.7 |      13 |       2 |  13.3
        D:7 |      90 |       0 |   0.0 |       1 |       0 |   0.0
            +---------+---------+-------+---------+---------+-------
